 Dungeon Crawl Stone Soup version 0.28.0-1-gb440e238dd (webtiles) character file.

Game seed: 7158940480664252581

152488 Bamboolord the Cloud Mage (level 17, -9/72 HPs)
             Began as a Tengu Air Elementalist on Feb 25, 2022.
             Was the Champion of Vehumet.
             Mangled by a spriggan rider (23 damage)
             ... on level 2 of the Lair of Beasts on Feb 26, 2022.
             The game lasted 02:15:45 (51804 turns).

Bamboolord the Cloud Mage (Tengu Air Elementalist) Turns: 51804, Time: 02:15:46

Health: -9/72      AC: 15    Str:  6 (9)  XL:     17   Next: 58%
Magic:  0/39       EV: 17    Int: 28 (30) God:    Vehumet [******]
Gold:   2366       SH: 14    Dex: 12 (14) Spells: 11/51 levels left

rFire   + . .      SeeInvis .   T - staff of air
rCold   + . .      Faith    .   a - +1 buckler {rC+ rF+}
rNeg    . . .      Spirit   +   B - +1 acid dragon scales
rPois   +          Reflect  .   (helmet restricted)
rElec   +          Harm     .   E - +2 cloak
rCorr   +          Rampage  .   r - +0 pair of gloves "Toolahom" {rPois}
Will    +....                   (boots unavailable)
Stlth   ++........              U - brooch of Shielding {Spirit SH+8}
HPRegen 0.22/turn               N - +6 ring of intelligence
MPRegen 0.26/turn               I - +4 ring of protection

@: attractive, flying quickly and evasively, slowed, studying Unarmed Combat,
invisible, unable to read, very slow
A: beak, talons 3, nimble flight, frail 1, passive freeze, subdued magic 1,
inability to read while threatened
a: Renounce Religion


You were on level 2 of the Lair of Beasts.
You worshipped Vehumet.
Vehumet was exalted by your worship.
You visited 7 branches of the dungeon, and saw 29 of its levels.

You collected 3341 gold pieces.
You spent 975 gold pieces at shops.

Inventory:

Hand Weapons
 P - the +8 whip "Snakebite" {venom, curare, rPois}
   (You found it on level 3 of the Lair of Beasts)

   It poisons the flesh of those it strikes.
   It occasionally inflicts asphyxiating poison on those it strikes, dealing
   poison damage and causing slowness.
   rPois:     It protects you from poison.
Missiles
 m - 6 atropa-tipped darts
 x - 5 throwing nets
Armour
 a - a +1 buckler of resistance (worn)
 r - the +0 pair of gloves "Toolahom" (worn) {rPois}
   (You acquired it on level 3 of the Lair of Beasts)

   rPois:     It protects you from poison.
 s - the +2 robe of Imperfection {+Inv MP+9 Str-2}
   (You found it on level 6 of the Dungeon)

   Str:       It affects your strength (-2).
   MP:        It affects your magic capacity (+9).
   +Inv:      It lets you turn invisible.
 B - +1 acid dragon scales (worn)
 E - a +2 cloak (worn)
Magical Staves
 T - a staff of air (weapon)
Jewellery
 I - a +4 ring of protection (right hand)
 N - a +6 ring of intelligence (left hand)
 R - a ring of wizardry
 S - a ring of positive energy
 U - the brooch of Shielding (around neck) {Spirit SH+8}
   (You took it off a spriggan on level 6 of the Lair of Beasts)

   [amulet of guardian spirit]

   It causes incoming damage to be divided between your reserves of health and
   magic.
   SH:        It affects your SH (+8).
Wands
 f - a wand of iceblast (15)
 o - a wand of charming (9)
 u - a wand of digging (8)
 y - a wand of acid (28)
 z - a wand of paralysis (8)
 K - a wand of flame (33)
 W - a wand of polymorph (14)
Scrolls
 b - 2 scrolls of fear
 c - 3 scrolls of fog
 h - a scroll of silence
 k - 4 scrolls of amnesia
 l - 2 scrolls of immolation
 q - 5 scrolls of vulnerability
 t - 8 scrolls of teleportation
 C - a scroll of summoning
 F - a scroll of holy word
 M - a scroll of magic mapping
 V - a scroll of torment
Potions
 d - a potion of heal wounds
 e - 9 potions of might
 g - 4 potions of brilliance
 i - 2 potions of mutation
 n - 4 potions of curing
 w - 2 potions of lignification
 A - a potion of invisibility
 G - 3 potions of attraction
 L - a potion of haste
 O - 5 potions of ambrosia
 Q - a potion of cancellation
 Y - a potion of degeneration
Miscellaneous
 j - a phial of floods


   Skills:
 - Level 3.3 Maces & Flails
 + Level 1.0(2.2) Staves
 * Level 11.6 Dodging
 + Level 3.1 Stealth
 * Level 5.2 Shields
 * Level 17.9 Spellcasting
 * Level 16.2 Conjurations
 - Level 22.0 Air Magic
 * Level 3.8 Evocations


You had 11 spell levels left.
You knew the following spells:

 Your Spells              Type           Power      Damage    Failure   Level
b - Static Discharge      Conj/Air       100%       N/A       0%          2
c - Swiftness             Air            100%       N/A       0%          3
d - Airstrike             Air            53%        N/A       0%          4
f - Lightning Bolt        Conj/Air       50%        1d71      0%          5
g - Maxwell's Capacitive  Air            53%        ∞         1%          8
h - Conjure Ball Lightni  Conj/Air       50%        3x3d17    1%          6
i - Iskenderun's Battles  Conj           73%        2d12      1%          5
j - Orb of Destruction    Conj           36%        9d11      1%          7

Your spell library contained the following spells:

 Spells                   Type           Power      Damage    Failure   Level
 Spellforged Servitor     Conj/Summ      26%        N/A       30%         7
 Shock                    Conj/Air       100%       1d9       0%          1
 Freeze                   Ice            76%        1d9       1%          1
 Corpse Rot               Necr/Air       100%       N/A       1%          2
 Poisonous Vapours        Pois/Air       100%       N/A       1%          2
 Hailstorm                Conj/Ice       53%        3d12      1%          4
 Irradiate                Conj/Tmut      26%        3d22      1%          5
 Animate Skeleton         Necr           38%        N/A       3%          1
 Pain                     Necr           76%        1d7       3%          1
 Frozen Ramparts          Ice            38%        1d5       3%          3
 Sublimation of Blood     Necr           19%        N/A       5%          2
 Ozocubu's Armour         Ice            19%        N/A       12%         3
 Vampiric Draining        Necr           19%        2d7       12%         3
 Lee's Rapid Deconstruct  Erth           9%         3d8*      28%         5
 Ice Form                 Ice/Tmut       19%        N/A       38%         4
 Leda's Liquefaction      Hex/Erth       9%         N/A       38%         4
 Petrify                  Tmut/Erth      19%        N/A       38%         4
 Summon Forest            Summ/Tloc      9%         N/A       75%         5
 Summon Mana Viper        Hex/Summ       19%        N/A       75%         5
 Simulacrum               Ice/Necr       9%         N/A       100%        6
 Statue Form              Tmut/Erth      12%        N/A       100%        6
 Summon Cactus Giant      Summ           9%         N/A       100%        6
 Ozocubu's Refrigeration  Ice            9%         4d6       100%        7


Dungeon Overview and Level Annotations

Branches:
Dungeon (15/15)            Temple (1/1) D:7            Lair (6/6) D:9
 Shoals (1/4) Lair:3       Spider (3/4) Lair:4        Slime (0/5) Lair:6
    Orc (2/2) D:11            Elf (0/3) Orc:2        Vaults (0/5) D:13
 Depths (1/4) D:15

Altars:
Dithmenos
Elyvilon
Fedhas
Gozag
Hepliaklqana
Kikubaaqudgha
Okawaru
Qazlal
Ru
Sif Muna
Trog
Uskayaw
Vehumet
The Shining One
Beogh
Lugonu

Shops:
D:2 ?   D:6 *   D:10 [   D:15 *   Orc:2 ((([[

Portals:
Hell: Depths:1
Abyss: Lair:2 Lair:6 Depths:1
Pandemonium: Depths:1
Ziggurat: Depths:1

Annotations:
D:8 3 runed translucent doors, Tinylith's ghost, novice MfAK
Lair:2 1 transporter, Bamboolord's ghost, journeyman TeAE
Depths:1 1 runed translucent door, Janeylunn's ghost, veteran GnWn


Innate Abilities, Weirdness & Mutations

You have a beak for a mouth.
You have claws for feet.
Your magical nature lets you fly swiftly and evasively.
You are frail. (-10% HP)
A frigid envelope surrounds you and freezes all who hurt you.
Your spells are a little easier to cast, but a little less powerful.
You sometimes lose the ability to read scrolls when taking damage.


Message History

You feel as though you will be slow longer.
The smoke demon barely misses you. The smoke demon misses you.
You block the smoke demon's attack.
The rakshasa weaves an illusion.
The white ugly thing shimmers and seems to become two!
Okay, then.
You feel much better.
The cacodemon hits you but does no damage.
The cacodemon is very cold.
The cacodemon is almost dead.
The cacodemon hits you but does no damage.
The cacodemon is very cold.
The cacodemon is almost dead.
You block the spriggan rider's attack.
The white ugly thing basks in the mutagenic energy from its kin and changes!
You block the smoke demon's attack.
The smoke demon hits you but does no damage.
The smoke demon is very cold.
The smoke demon is lightly wounded.
The smoke demon completely misses you. You block the rakshasa's attack.
The spriggan rider hits you from afar with a +1 trident of distortion!
You blink.
The cacodemon gestures next to the white ugly thing.
Some rock shatters into small pieces.
Bamboolord's ghost hits you.
Bamboolord's ghost resists.
Bamboolord's ghost is very cold.
Bamboolord's ghost is lightly damaged.
The white ugly thing is attracted toward you.
You block the white ugly thing's attack.
Bamboolord's ghost points at you and mumbles some strange words.
The zap misses you.
The white ugly thing basks in the mutagenic energy from its kin and changes!
The spriggan rider closely misses you.
Bamboolord's ghost is attracted toward you.
The cacodemon is attracted toward you.
The smoke demon is attracted toward you.
The rakshasa hits you from afar with a +0 trident!
* * * LOW HITPOINT WARNING * * *
The cacodemon misses you. You block the cacodemon's attack.
The spriggan rider hits you with a +1 trident of distortion!!
You die...

#...#...#)....##©##∩..#...P#
##.#....#####..###...##..#######
#...#....#####...... #....###...
##...P........##....###...##....P
#..............#.^..#.....##.....
....#.....###..##..?#...).###...#
#........##©##..#...##....####..#
..#..#..##..##.##Wu.:##....###..#
###.#.÷.##.#.###@.....#...###P...
P##......##.#.#.i2u#..##..# #..##
##.#......#......3R...[#©.###...#
#.###.....#.#.###§u###.#...###.P#
### ##....##.####©##.###....##..#
.# #.....###..###........##..##
## ##......................##.##
.# #..........................P#
#####.....###.#.##....#....#...##


You could see a cacodemon, 3 ugly things, a rakshasa, a spriggan rider, a smoke
demon and Bamboolord's ghost.

Vanquished Creatures
  A lich (Depths:1)
  2 fire giants (Depths:1)
  An emperor scorpion (Spider:1)
  A frost giant (Depths:1)
  An orc warlord (Orc:2)
  2 ghost moths (Spider:2)
  A broodmother (Spider:2)
  4 very ugly things (Depths:1)
  2 stone giants (Depths:1)
  9 ettins
  A fire dragon (Depths:1)
  Josephine (Lair:4)
  4 ice dragons
  2 rakshasas (Depths:1)
  Harold (D:8)
  2 jorogumos
  8 hydras
  2 spriggan air magi (Depths:1)
  3 boulder beetles
  6 centaur warriors
  6 death yaks (Lair:3)
  A deep troll earth mage (Depths:1)
  Erica (D:9)
  4 two-headed ogres
  2 deep troll shamans (Depths:1)
  9 tengu warriors
  2 thrashing horrors (Lair:6)
  An orc high priest (Orc:2)
  A sun demon (Lair:2)
  Sonja (D:11)
  3 iron trolls
  2 pharaoh ants
  6 deep trolls
  4 orb spiders
  2 glowing orange brains (Depths:1)
  2 wizards (D:15)
  A steelbarb worm (Spider:1)
  2 orange crystal statues (D:14)
  5 harpies
  2 deep elf pyromancers (D:14)
  A necromancer (D:15)
  7 cyclopes
  4 manticores
  12 ugly things
  8 orc sorcerers
  2 orc knights
  A moth of wrath (shapeshifter) (Lair:6)
  2 oklob plants (Lair:3)
  7 wolf spiders
  A smoke demon (Lair:6)
  7 elephants
  2 torpor snails
  Maggie (D:9)
  A gargoyle (D:10)
  A torpor snail (shapeshifter) (Lair:6)
  10 black mambas
  4 demonic crawlers
  2 unseen horrors
  10 cane toads
  17 komodo dragons
  8 rime drakes
  An efreet (D:15)
  A freezing wraith (D:13)
  4 tengu conjurers
  2 ancient zymes (Lair:6)
  A polar bear (shapeshifter) (D:13)
  A queen bee (Lair:5)
  8 trolls
  A hornet (D:11)
  5 slime creatures
  2 polar bears (Lair:5)
  9 meliai
  3 tarantellas
  A slime creature (shapeshifter) (D:15)
  24 blink frogs
  A centaur simulacrum (D:14)
  A jumping spider (shapeshifter) (D:13)
  6 jumping spiders
  10 culicivoras
  A spriggan (Lair:6)
  2 ynoxinuls (Lair:6)
  A shadow (D:11)
  4 wraiths (Lair:5)
  57 yaks
  13 wyverns
  9 basilisks
  A chaos spawn (Lair:6)
  20 redbacks
  2 steam dragons
  4 vampire mosquitoes
  7 wargs
  3 large abominations (Lair:6)
  2 acid dragons
  A hell hound (D:14)
  24 water moccasins
  26 orc warriors
  A sky beast (D:7)
  A hornet zombie (D:8)
  3 black bears
  2 necrophages
  26 centaurs
  13 wolves
  5 ogres
  A centaur (shapeshifter) (Depths:1)
  3 phantoms (D:5)
  4 kobold brigands
  A gnoll sergeant (D:7)
  21 bullfrogs
  A water moccasin zombie (D:6)
  9 small abominations (Lair:6)
  36 killer bees
  5 wights (D:8)
  5 howler monkeys
  2 electric eels (Spider:1)
  4 centaur zombies
  5 crimson imps (D:9)
  A bullfrog zombie (D:7)
  5 hounds
  4 jellies
  22 orc priests
  Jessica (D:3)
  5 iguanas
  Terence (D:2)
  50 orc wizards
  7 hell rats (D:14)
  Natasha (thrice) (D:3)
  A killer bee zombie (D:7)
  A hound zombie (D:5)
  A howler monkey zombie (D:7)
  A howler monkey skeleton (D:4)
  4 adders
  8 gnolls
  2 shadow imps (D:6)
  5 white imps
  A dart slug (D:1)
  77 orcs
  13 endoplasms
  3 giant cockroaches
  4 goblins
  5 hobgoblins
  2 jackals (D:1)
  19 kobolds
  3 quokkas (D:1)
  8 ball pythons
  A bat (D:2)
  4 frilled lizards
  5 rats
  A bush (Lair:3)
  A butterfly (Lair:2)
894 creatures vanquished.

Vanquished Creatures (collateral kills)
  5 ball lightnings
5 creatures vanquished.

Vanquished Creatures (others)
  29 ball lightnings
  72 fungi
  104 plants
205 creatures vanquished.

Grand Total: 1104 creatures vanquished

Notes
Turn   | Place    | Note
-------+----------+-------------------------------------------
     0 | D:1      | Bamboolord the Tengu Air Elementalist began the quest for
                  | the Orb.
     0 | D:1      | Reached XP level 1. HP: 10/10 MP: 4/4
   236 | D:1      | Reached XP level 2. HP: 15/15 MP: 0/6
   239 | D:1      | Learned a level 2 spell: Static Discharge
   761 | D:1      | Reached XP level 3. HP: 19/19 MP: 5/7
   908 | D:1      | Learned a level 3 spell: Swiftness
  1744 | D:2      | Found Oloklir's Magic Scroll Boutique.
  1834 | D:2      | Found a faded altar of an unknown god.
  1878 | D:2      | Reached skill level 5 in Air Magic
  1878 | D:2      | Reached XP level 4. HP: 22/24 MP: 0/8
  2424 | D:3      | Noticed Terence
  2519 | D:2      | Killed Terence
  2821 | D:3      | Noticed Natasha
  2834 | D:3      | Killed Natasha
  2835 | D:3      | Gained mutation: Your magical nature lets you fly swiftly
                  | and evasively. [Tengu growth]
  2835 | D:3      | Reached XP level 5. HP: 25/28 MP: 3/10
  2950 | D:3      | Noticed Jessica
  2953 | D:3      | Killed Jessica
  3108 | D:3      | Noticed Natasha
  3122 | D:3      | Killed Natasha
  3353 | D:3      | Noticed Natasha
  3357 | D:3      | Killed Natasha
  3907 | D:4      | Noticed a necrophage
  3957 | D:4      | Killed a necrophage
  3958 | D:4      | Reached skill level 6 in Air Magic
  3958 | D:4      | Reached XP level 6. HP: 32/32 MP: 0/12
  3963 | D:4      | Learned a level 4 spell: Airstrike
  4560 | D:5      | Entered Level 5 of the Dungeon
  4576 | D:5      | Reached XP level 7. HP: 36/36 MP: 1/14
  4936 | D:5      | Reached skill level 7 in Air Magic
  5032 | D:5      | Reached skill level 5 in Conjurations
  5554 | D:5      | Reached XP level 8. HP: 41/41 MP: 8/16
  5725 | D:6      | Reached skill level 5 in Spellcasting
  5896 | D:5      | Reached skill level 8 in Air Magic
  6169 | D:5      | Reached skill level 9 in Air Magic
  6825 | D:6      | Noticed a +0 dagger
  6826 | D:6      | Noticed a +0 hand axe
  6827 | D:6      | Found a hide-covered altar of Uskayaw.
  6837 | D:6      | Reached XP level 9. HP: 45/45 MP: 13/19
  7008 | D:6      | Found Qugodu's Assorted Antiques.
  7036 | D:6      | Identified the +2 robe of Imperfection {+Inv MP+9 Str-2}
  7332 | D:6      | You are sucked into a shaft and drop 2 floors!
  7519 | D:8      | Found a runed translucent gate.
  7519 | D:8      | Found a runed translucent gate.
  7519 | D:8      | Found a runed translucent gate.
  7519 | D:8      | Noticed Tinylith's ghost (novice MfAK)
  7522 | D:8      | Noticed a cyclops
  7568 | D:7      | Found a staircase to the Ecumenical Temple.
  7592 | Temple   | Entered the Ecumenical Temple
  7666 | Temple   | Became a worshipper of Vehumet
  7919 | D:7      | Reached skill level 10 in Air Magic
  9213 | D:8      | Noticed a two-headed ogre
  9221 | D:8      | Killed a two-headed ogre
  9222 | D:8      | Reached skill level 5 in Dodging
  9222 | D:8      | Reached skill level 11 in Air Magic
  9222 | D:8      | Reached XP level 10. HP: 40/50 MP: 9/22
  9657 | D:8      | Noticed Harold
  9663 | D:8      | Killed Harold
 10254 | D:9      | Reached skill level 12 in Air Magic
 10408 | D:9      | Reached * piety under Vehumet
 10408 | D:9      | Offered knowledge of Sandblast by Vehumet.
 10663 | D:9      | Noticed Erica
 10751 | D:9      | Gained mutation: You are frail. (-10% HP) [potion of
                  | mutation]
 10751 | D:9      | Gained mutation: A frigid envelope surrounds you and
                  | freezes all who hurt you. [potion of mutation]
 10789 | D:9      | Killed Erica
 11395 | D:9      | Reached skill level 13 in Air Magic
 11395 | D:9      | Reached XP level 11. HP: 34/48 MP: 12/25
 11848 | D:9      | Found a staircase to the Lair.
 12216 | D:9      | Noticed Maggie
 12221 | D:9      | Killed Maggie
 12847 | D:10     | Entered Level 10 of the Dungeon
 13177 | D:10     | Noticed a boulder beetle
 13182 | D:10     | Reached skill level 10 in Spellcasting
 13182 | D:10     | Reached skill level 14 in Air Magic
 13665 | D:10     | Found Caclaaq's Armour Boutique.
 13670 | D:10     | Bought a +0 cloak for 54 gold pieces
 15317 | D:11     | Offered knowledge of Searing Ray by Vehumet.
 15320 | D:11     | Noticed a cyclops
 15338 | D:11     | Killed a cyclops
 15338 | D:11     | Reached ** piety under Vehumet
 15536 | D:11     | Noticed a cyan ugly thing
 15815 | D:11     | Killed a cyan ugly thing
 15993 | D:11     | Noticed Sonja
 15995 | D:11     | Killed Sonja
 15996 | D:11     | Reached skill level 15 in Air Magic
 16076 | D:11     | Learned a level 2 spell: Poisonous Vapours
 16100 | D:11     | Found a staircase to the Orcish Mines.
 17249 | Lair:1   | Entered Level 1 of the Lair of Beasts
 17249 | Lair:1   | Noticed a six-headed hydra
 17256 | Lair:1   | Killed a six-headed hydra
 17257 | Lair:1   | Reached XP level 12. HP: 53/53 MP: 22/28
 17461 | Lair:1   | You are sucked into a shaft and drop 1 floor!
 18363 | Lair:1   | Reached skill level 10 in Conjurations
 18524 | Lair:1   | Reached skill level 16 in Air Magic
 18540 | Lair:1   | Learned a level 5 spell: Lightning Bolt
 18549 | Lair:1   | Learned a level 8 spell: Maxwell's Capacitive Coupling
 18713 | Lair:1   | Noticed a five-headed hydra
 18717 | Lair:1   | Killed a five-headed hydra
 19646 | Lair:2   | Found a transporter.
 19757 | Lair:2   | Offered knowledge of Stone Arrow by Vehumet.
 19782 | Lair:2   | Found a transporter.
 19788 | Lair:2   | Noticed a cacodemon
 19789 | Lair:2   | Noticed a sun demon
 20051 | Lair:2   | Noticed Bamboolord's ghost (journeyman TeAE)
 20061 | Lair:2   | Noticed a rakshasa
 20065 | Lair:2   | Found a one-way gate to the infinite horrors of the Abyss.
 20807 | Lair:3   | Reached *** piety under Vehumet
 21067 | Lair:3   | Reached XP level 13. HP: 32/56 MP: 27/30
 21342 | Lair:3   | Reached skill level 17 in Air Magic
 21645 | Lair:3   | Offered knowledge of Mephitic Cloud by Vehumet.
 22566 | Lair:3   | Found a staircase to the Shoals.
 23824 | Lair:3   | Found the +8 whip "Snakebite" {venom, curare, rPois}
 23835 | Lair:3   | Identified 2 scrolls of acquirement
 23837 | Lair:3   | Acquired 378 gold pieces
 23838 | Lair:3   | Acquired the +0 pair of gloves "Toolahom" {rPois}
 24250 | Lair:4   | Identified the +5 hunting sling "Jiprur" {flame, rPois}
 24254 | Lair:4   | Reached **** piety under Vehumet
 24483 | Lair:4   | Reached skill level 18 in Air Magic
 24846 | Lair:4   | Offered knowledge of Freezing Cloud by Vehumet.
 25461 | Lair:4   | Found a hole to the Spider Nest.
 26247 | Lair:5   | Reached XP level 14. HP: 48/61 MP: 20/32
 26518 | Lair:5   | Noticed Josephine
 26530 | Lair:5   | Reached ***** piety under Vehumet
 26664 | Lair:4   | Killed Josephine
 26848 | Lair:5   | Offered knowledge of Sticky Flame by Vehumet.
 27739 | Lair:5   | Reached skill level 19 in Air Magic
 28742 | Lair:6   | Entered Level 6 of the Lair of Beasts
 28941 | Lair:6   | Found a staircase to the Slime Pits.
 29138 | Lair:6   | Offered knowledge of Conjure Ball Lightning by Vehumet.
 29146 | Lair:6   | Learned a level 6 spell: Conjure Ball Lightning
 31434 | Lair:6   | Reached skill level 20 in Air Magic
 31994 | Lair:6   | Found a corrupted altar of Lugonu.
 32821 | Orc:1    | Entered Level 1 of the Orcish Mines
 33551 | D:12     | Reached skill level 15 in Spellcasting
 33551 | D:12     | Reached XP level 15. HP: 64/64 MP: 25/35
 35417 | D:13     | Found a gate to the Vaults.
 35653 | D:14     | Found an opulent altar of Gozag.
 36096 | D:14     | Reached skill level 10 in Dodging
 36096 | D:14     | Reached skill level 21 in Air Magic
 36172 | D:14     | Identified the +5 spear "Acsuesen" {venom, Str+4}
 36673 | D:14     | Offered knowledge of Iskenderun's Battlesphere by Vehumet.
 37092 | D:14     | Learned a level 5 spell: Iskenderun's Battlesphere
 38314 | D:15     | Entered Level 15 of the Dungeon
 39232 | Orc:2    | Entered Level 2 of the Orcish Mines
 39232 | Orc:2    | Noticed an orc warlord
 39397 | Orc:1    | Reached skill level 1 in Maces & Flails
 39566 | Orc:1    | Reached skill level 1 in Shields
 40217 | Orc:2    | Found a staircase to the Elven Halls.
 40220 | Orc:2    | Paralysed by an orc sorcerer for 5 turns
 40344 | Orc:1    | Reached ****** piety under Vehumet
 40535 | Orc:2    | Found Wecrog's Antique Armour Emporium.
 40546 | Orc:2    | Bought a pair of embroidered gloves for 225 gold pieces
 40547 | Orc:2    | Offered knowledge of Yara's Violent Unravelling by Vehumet.
 40941 | Orc:2    | Killed an orc warlord
 41096 | Orc:2    | Found a shimmering blue altar of Sif Muna.
 41630 | Orc:2    | Reached XP level 16. HP: 68/68 MP: 18/37
 42213 | Orc:2    | Offered knowledge of Orb of Destruction by Vehumet.
 42222 | Orc:2    | Learned a level 7 spell: Orb of Destruction
 42538 | Orc:2    | Found Wiafesh's Weapon Boutique.
 42538 | Orc:2    | Found Teshreewodgh's Antique Weapon Boutique.
 42546 | Orc:2    | Found Herokot's Weapon Shop.
 42548 | Orc:2    | Found Munohedgh's Armour Shop.
 42554 | Orc:2    | Bought a fine dagger for 224 gold pieces
 42554 | Orc:2    | Identified the +0 dagger "Guhaf" {chaos, +Blink} (You
                  | bought it in a shop on level 2 of the Orcish Mines)
 42554 | Orc:2    | Bought a pitted long sword for 272 gold pieces
 42554 | Orc:2    | Identified the +11 long sword "Ciatakhetzol" {vorpal, rC+}
                  | (You bought it in a shop on level 2 of the Orcish Mines)
 42968 | Shoals:1 | Entered Level 1 of the Shoals
 42981 | Shoals:1 | Noticed a kraken
 43407 | Spider:1 | Entered Level 1 of the Spider Nest
 44684 | Spider:1 | Reached skill level 22 in Air Magic
 45075 | Spider:1 | Reached skill level 1 in Evocations
 48812 | D:15     | Offered knowledge of Spellforged Servitor by Vehumet.
 48949 | D:15     | Reached skill level 15 in Conjurations
 49031 | D:15     | Found Plog's Assorted Antiques.
 49062 | D:15     | Bought a sedimented ruby potion for 18 gold pieces
 49062 | D:15     | Bought an ichor-stained robe for 119 gold pieces
 49062 | D:15     | Identified the +1 robe "Kasiest" {Harm rPois Dex-5} (You
                  | bought it in a shop on level 15 of the Dungeon)
 49062 | D:15     | Bought a scroll of teleportation for 63 gold pieces
 49467 | D:15     | Identified the +1 robe of Distant Shores {rF+ Str+2 Slay+3}
 49480 | D:15     | Found a staircase to the Depths.
 49610 | Depths:1 | Entered Level 1 of the Depths
 49619 | Depths:1 | Found a gateway to Hell.
 49630 | Depths:1 | Reached XP level 17. HP: 50/72 MP: 11/39
 50115 | Depths:1 | Found a white marble altar of Elyvilon.
 50209 | Depths:1 | Found a runed translucent door.
 50210 | Depths:1 | Noticed Janeylunn's ghost (veteran GnWn)
 50392 | Depths:1 | Noticed a lich
 50399 | Depths:1 | Killed a lich
 50728 | Depths:1 | Reached skill level 5 in Shields
 50827 | Depths:1 | Found a one-way gateway to a ziggurat.
 50850 | Depths:1 | Reached skill level 1 in Staves
 51155 | Depths:1 | Found a one-way gate leading to the halls of Pandemonium.
 51789 | Lair:2   | Gained mutation: You sometimes lose the ability to read
                  | scrolls when taking damage. [a cacodemon]
 51800 | Lair:2   | Gained mutation: Your spells are a little easier to cast,
                  | but a little less powerful. [a cacodemon]
 51804 | Lair:2   | Mangled by a spriggan rider

Illustrated notes

Levels and vault maps discovered:
D:1:      dpeg_arrival_triangle_fractal, layout_basic, hangedman_decor_growths
D:2:      layout_loops_ring, serial_shops,
          nicolae_shop_competitors_out_of_business,
          hellmonk_ecumenical_altar_slurped_away
D:3:      layout_loops_ring, minmay_strange_pillars, item_on_display_b,
          uniq_terence, uniq_natasha, uniq_jessica
D:4:      layout_rooms
D:5:      layout_loops_ring
D:6:      layout_rooms, dancing_weapons_uskayaw, serial_shops, shop
D:7:      layout_loops_ring, minmay_temple_entry_glass
D:8:      layout_rooms, gammafunk_ghost_split, chequers_ossuary_entry_cave,
          hex_tiny, uniq_harold
D:9:      layout_roguey, erik_lair_dragon, minmay_nine_imps, uniq_maggie,
          uniq_erica
D:10:     hangedman_cross_stitches, layout_stronghold, serial_shops,
          kennysheep_little_box, minmay_misc_feat_secret_circle
D:11:     layout_layer_cave, minmay_orc_entry_guard_dogs, st_stairs_11,
          kennysheep_minor_cross, uniq_sonja
D:12:     layout_loops_ring
D:13:     layout_rooms, david_vaults_4
D:14:     layout_roguey [special_room_mythical_zoo], nicolae_gozag_seed_capital,
          minmay_more_statues
D:15:     hangedman_depths_entry_civil_slaughter, layout_rooms, serial_shops,
          nicolae_shop_stone, portal_ice_cave_entry_pillars_2
Temple:   mainiacjoe_temple_archimedes_tessellation
Lair:1:   layout_hall_layers, nicolae_lair_grazing_beasts
          [nicolae_sub_lair_graze_edge, nicolae_sub_lair_graze_edge,
          nicolae_sub_lair_graze_edge, nicolae_sub_lair_graze_edge]
Lair:2:   layout_loops_ring, gammafunk_ghost_abyssal_escape, lemuel_fruit_fields
Lair:3:   minmay_guarded_unrand_snakebite, layout_hall_layers,
          shoals_dummy_entry, minmay_lair_oklob_items
Lair:4:   layout_gridlike, dummy_spider_entry
Lair:5:   regret_index_tunnel_blossom, layout_small_grid, uniq_josephine
Lair:6:   hellmonk_lair_end_abyssal_woods, layout_loops_ring,
          nicolae_slime_entry_slimehenge, eino_small_chamber_without_monster
Shoals:1: layout_shoals
Spider:1: layout_spider_delve
Spider:2: layout_spider_delve
Spider:3: layout_spider_delve
Orc:1:    layout_caves, basic_altar
Orc:2:    st_orc_mages, layout_diamond_mine, serial_shops,
          nicolae_shop_advertising_works [nicolae_subvault_shop_adworks],
          kennysheep_orc_sif_temple
Depths:1: layout_roguey, enter_ziggurat_d, abyss_entry, hell_entry,
          roderic_roman_lattice, muffindrake_ghost_three_little_ghosts,
          pan_entry, elyvilon_altar_5, grunt_megastairs_3

Skill      XL: |  1  2  3  4  5  6  7  8  9 10 11 12 13 14 15 16 17 |
---------------+----------------------------------------------------+-----
Conjurations   | 2 3 4 5 6 7 8 9 10 11 12 13 15 16 | 16.2
Air Magic      | 5 6 7 9 11 13 15 16 18 20 21 22 | 22.0
Spellcasting   | 3 4 6 7 9 11 12 13 15 16 17 | 17.9
Dodging        | 3 4 5 6 7 8 9 10 11 | 11.6
Stealth        | 3 |  3.1
Maces & Flails | 2 3 |  3.3
Shields        | 1 4 5 |  5.2
Evocations     | 2 3 |  3.8
Staves         | 1 |  1.0

Action                   |  1- 3 |  4- 6 |  7- 9 | 10-12 | 13-15 | 16-18 || total
-------------------------+-------+-------+-------+-------+-------+-------++-------
Melee: Unarmed           |    15 |     3 |       |     1 |   142 |       ||   161
       Kick              |     6 |     1 |       |       |   146 |    25 ||   178
       Peck              |     1 |     1 |       |       |   105 |    13 ||   120
       Whip              |       |       |       |       |   123 |    42 ||   165
       Punch             |       |       |       |       |     4 |     2 ||     6
       Staff             |       |       |       |       |       |    31 ||    31
 Cast: Shock             |    68 |    65 |   118 |    14 |     2 |       ||   267
       Static Discharge  |     7 |    19 |    44 |    44 |    45 |    16 ||   175
       Swiftness         |       |     2 |       |     2 |     2 |     1 ||     7
       Airstrike         |       |     1 |    39 |   302 |   453 |    13 ||   808
       Lightning Bolt    |       |       |       |    11 |   190 |   233 ||   434
       Maxwell's Capacit |       |       |       |     1 |    39 |    17 ||    57
       Conjure Ball Ligh |       |       |       |       |    14 |     1 ||    15
       Iskenderun's Batt |       |       |       |       |     1 |       ||     1
       Orb of Destructio |       |       |       |       |       |    15 ||    15
Evoke: Wand              |       |       |       |     3 |     1 |       ||     4
  Use: Scroll            |     2 |     2 |     4 |     7 |    17 |     8 ||    40
       Potion            |       |       |     1 |     4 |     5 |    13 ||    23
Armor: Robe              |     5 |     3 |     2 |    15 |    87 |       ||   112
       Acid dragon scale |       |       |       |       |    19 |   123 ||   142
Dodge: Dodged            |    24 |    13 |    54 |    61 |   312 |   230 ||   694
Block: Other             |       |       |       |       |    79 |    93 ||   172
       Buckler           |       |       |       |       |       |    44 ||    44
